 Dungeon Crawl Stone Soup version 0.31.0-32-g396128a36d (webtiles) character file.

Game seed: 14060072259662344702

33466 Peloso the Carver (level 13, -2/116 HPs)
             Began as a Minotaur Fighter on Apr 20, 2024.
             Was the Champion of Okawaru.
             Engulfed by a cloud of flame (16 damage)
             ... on level 2 of the Orcish Mines.
             The game lasted 00:32:03 (14099 turns).

Peloso the Carver (Minotaur Fighter)               Turns: 14099, Time: 00:32:03

Health: -2/116     AC: 15    Str: 22    XL:     13   Next: 36%
Magic:  12/12      EV: 14    Int:  5    God:    Okawaru [******]
Gold:   30         SH: 14    Dex: 20    Spells: 12/12 levels left

rFire   . . .        a - +4 long sword "Tormentor" {flame, SInv}
rCold   . . .        d - +0 kite shield
rNeg    . . .        q - +0 plate armour
rPois   .            (helmet currently unavailable)
rElec   .            (cloak currently unavailable)
rCorr   .            (gloves currently unavailable)
SInv    +            (boots currently unavailable)
Will    .....        f - amulet of regeneration Stlth
                     o - +6 ring of dexterity
HPRegen 1.19/turn    e - +5 ring of evasion
MPRegen 0.13/turn

%: no passive effects
@: beast-form
A: beast (slay +3), horns 2, retaliatory headbutt
a: Begin Untransformation, Renounce Religion, Heroism, Finesse, Duel, Receive
Weapon, Receive Armour


You were on level 2 of the Orcish Mines.
You worshipped Okawaru.
Okawaru was exalted by your worship.
You were a hulking beast.
You visited 4 branches of the dungeon, and saw 19 of its levels.

You collected 1154 gold pieces.
You spent 1124 gold pieces at shops.

Inventory:

Hand Weapons
 a - the +4 long sword "Tormentor" (weapon) {flame, SInv}
   (You bought it in a shop on level 5 of the Dungeon)

   SInv:      It lets you see invisible.
 b - a +3 long sword
Missiles
 y - 3 throwing nets (quivered)
Armour
 c - a +0 pair of gloves
 d - a +0 kite shield (worn)
 q - a +0 plate armour (worn)
 M - a +0 pair of boots
 P - the +0 pair of gloves "Trusted Companion" {rF+ rN+ Str+4 SInv}
   (You bought it in a shop on level 2 of the Orcish Mines)

   Str+4:     It affects your strength (+4).
   rF+:       It protects you from fire.
   rN+:       It protects you from negative energy.
   SInv:      It lets you see invisible.
Jewellery
 e - a +5 ring of evasion (right hand)
 f - an amulet of regeneration (around neck)
 o - a +6 ring of dexterity (left hand)
 K - a ring of willpower
Talismans
 g - a serpent talisman
 p - the beast talisman of Nowkoag (active) {SInv}
   (You found it on level 2 of the Dungeon)

   [beast talisman]

   SInv:      It lets you see invisible.
 N - a maw talisman
 R - the blade talisman of Kazepuhae {+Blink}
   (You found it on level 3 of the Lair of Beasts)

   [blade talisman]

   +Blink:    It lets you blink.
Wands
 v - a wand of digging (5)
 z - a wand of acid (5)
 A - a wand of iceblast (13)
 I - a wand of mindburst (10)
 J - a wand of flame (13)
 L - a wand of paralysis (3)
 S - a wand of polymorph (5)
Scrolls
 i - 2 scrolls of silence
 j - 4 scrolls of teleportation
 n - 3 scrolls of blinking
 r - 2 scrolls of amnesia
 s - a scroll of acquirement
 t - 3 scrolls of revelation
 u - 2 scrolls of fear
 x - 4 scrolls of fog
 B - a scroll of enchant weapon
 C - a scroll of immolation
 E - a scroll of poison
Potions
 h - a potion of resistance
 k - 3 potions of heal wounds
 l - 8 potions of curing
 m - 3 potions of might
 w - 4 potions of mutation
 D - 3 potions of degeneration {unknown}
 F - 5 potions of brilliance
 G - a potion of haste {unknown}
 H - a potion of ambrosia {unknown}
 O - a potion of berserk rage {unknown}
 Q - a potion of lignification {unknown}


   Skills:
 + Level 11.5 Fighting
 + Level 14.9 Long Blades
 + Level 13.0 Armour
 + Level 4.5 Dodging
 + Level 1.1 Stealth
 + Level 12.9 Shields
 + Level 1.2 Invocations
 + Level 1.0 Evocations
 + Level 5.8 Shapeshifting


You had 12 spell levels left.
You didn't know any spells.
Your spell library contained the following spells:

 Spells                   Type           Power      Damage    Failure   Level
 Apportation              Tloc           0%         N/A       100%        1
 Magic Dart               Conj           0%         1d3       100%        1
 Necrotise                Necr           0%         1d4       100%        1
 Sandblast                Erth           0%         2d4       100%        1
 Slow                     Hex            0%         N/A       100%        1
 Blink                    Tloc           0%         N/A       100%        2
 Jinxbite                 Hex            0%         N/A       100%        2
 Lesser Beckoning         Tloc           0%         N/A       100%        2
 Momentum Strike          Conj/Tloc      0%         3d8       100%        2
 Searing Ray              Conj           0%         2d4       100%        2
 Confusing Touch          Hex            0%         N/A       100%        3
 Passwall                 Erth           0%         N/A       100%        3
 Sigil of Binding         Hex            0%         N/A       100%        3
 Stone Arrow              Conj/Erth      0%         3d7       100%        3
 Vampiric Draining        Necr           0%         2d6       100%        3
 Brom's Barrelling Bould  Conj/Erth      0%         2d3       100%        4
 Fulminant Prism          Conj/Alch      0%         3d5       100%        4
 Olgreb's Toxic Radiance  Alch           0%         N/A       100%        4
 Vhi's Electric Charge    Tloc/Air       0%         N/A       100%        4
 Alistair's Intoxication  Alch           0%         N/A       100%        5
 Arcjolt                  Conj/Air       0%         1d10      100%        5
 Curse of Agony           Necr           0%         N/A       100%        5
 Fireball                 Conj/Fire      0%         3d3       100%        5
 Iskenderun's Battlesphe  Conj           0%         2d6       100%        5
 Conjure Ball Lightning   Conj/Air       0%         3x3d6     100%        6
 Plasma Beam              Fire/Air       0%         2x1d10    100%        6
 Orb of Destruction       Conj           0%         9d5       100%        7
 Ozocubu's Refrigeration  Ice            0%         4d7       100%        7
 Discord                  Hex            0%         N/A       100%        8
 Martyr's Knell           Necr/Summ      Unusable   N/A       N/A         4

Dungeon Overview and Level Annotations

Branches:
Dungeon (13/15)            Temple (1/1) D:4            Lair (3/5) D:11
  Swamp (0/4) Lair:2        Snake (0/4) Lair:2          Orc (2/2) D:11
    Elf: Orc:2       Vaults: D:13-14

Altars:
Ashenzari
Cheibriados
Dithmenos
Elyvilon
Fedhas
Gozag
Hepliaklqana
Kikubaaqudgha
Makhleb
Nemelex Xobeh
Okawaru
Qazlal
Ru
Sif Muna
Trog
Uskayaw
Vehumet
Wu Jian
Xom
Yredelemnul
Zin
The Shining One

Shops:
D:1 !   D:4 (   D:5 (   Orc:1 (   Orc:2 [=(

Annotations:
D:3 2 transporters, TangoThomas's ghost, weakling DsHu
D:12 2 transporters, nitefall's ghost, journeyman MiBe
Lair:2 2 transporters


Innate Abilities, Weirdness & Mutations

You are a hulking beast.
Your limbs bulge with bestial killing power. (Slay +3)
You have a pair of horns on your head.
You reflexively headbutt those who attack you in melee.


Message History

The orc warrior explodes!
The fiery explosion engulfs you!!
The orc wizard explodes!
The fiery explosion engulfs the orc wizard!!
Okawaru accepts your kill.
The fiery explosion engulfs the orc wizard!!
Okawaru accepts your kill. The fiery explosion engulfs you!!
* * * LOW HITPOINT WARNING * * *
The orc wizard explodes! x2
The fiery explosion engulfs the orc wizard!!!
Okawaru accepts your kill.
The fiery explosion engulfs the orc wizard!!
Okawaru accepts your kill. Okawaru grants you throwing weapons!
Something appears at your feet!
The fiery explosion engulfs the orc wizard!!
Okawaru accepts your kill.
The orc wizard explodes!
The fiery explosion engulfs the orc wizard!!
Okawaru accepts your kill.
The fiery explosion engulfs the orc priest!!
Okawaru accepts your kill.
The orc priest explodes!
The orc wizard explodes!
The fiery explosion engulfs the orc priest!!
Okawaru accepts your kill.
The fiery explosion engulfs the orc wizard!!!
You kill the orc wizard!
Okawaru accepts your kill.
The orc priest explodes!
The fiery explosion engulfs the orc priest!!
Okawaru accepts your kill. x2
You feel a bit more experienced.
The orc priest explodes!
The fiery explosion engulfs the orc warrior!!!
Okawaru accepts your kill.
The orc warrior explodes!
The orc wizard explodes! x2
The orc priest explodes! x2
You are engulfed in blazing flames.
You die...

#...# ... §### #...#
.... §)§§. ##...# .....
§§§§§ ##....# .....
##§§§######.....# #.....
..§§§§§§........#+#.....
..§§§§§§.....#..........
##§§ho......).<......
#.§§§).......÷.......
##§#§......∩.[.).....
###.....^..#).).....
##................
##......[.......∩..
##..................
#...#..........#.#..
##.#......#.....∩...


You could see an orc (inner flame).

Vanquished Creatures
  Harold (Lair:1)
  A hydra (Lair:3)
  A centaur warrior (D:12)
  A catoblepas (Lair:3)
  3 two-headed ogres
  2 orc high priests
  A skyshark (Lair:2)
  A bog body (Lair:2)
  An ugly thing (D:13)
  A necromancer (D:9)
  3 manticores
  4 elephants (Lair:1)
  2 cane toads
  8 komodo dragons
  3 rime drakes
  6 kobold demonologists (D:11)
  An unseen horror (D:12)
  Psyche (D:12)
  A polar bear (D:9)
  4 trolls
  Grinder (D:5)
  Prince Ribbit (D:8)
  10 blink frogs
  Sigmund (D:4)
  3 shadows (D:12)
  A wraith (D:12)
  2 wyverns
  4 slime creatures
  2 wargs (Orc:2)
  A basilisk (D:11)
  27 yaks
  4 vampire mosquitoes (D:12)
  A naga (Lair:2)
  9 water moccasins
  4 black bears
  17 orc warriors
  An ice beast (D:6)
  2 ogres (Orc:1)
  4 wolves
  9 centaurs
  11 bullfrogs
  3 kobold brigands
  Blork the orc (D:5)
  5 scorpions
  4 gnoll sergeants
  8 wights
  12 killer bees
  7 howler monkeys
  3 jellies
  A bombardier beetle (D:3)
  2 hounds
  A gnoll bouda (D:4)
  16 orc priests
  Jessica (D:2)
  A sleepcap (D:5)
  4 iguanas
  29 orc wizards
  3 yak simulacra (D:9)
  A polar bear simulacrum (D:9)
  3 wolf simulacra (D:9)
  29 gnolls
  11 adders
  A shadow imp (D:5)
  4 ufetubi (D:6)
  5 dart slugs
  2 ribbon worms
  52 orcs
  6 endoplasms
  A giant cockroach (D:4)
  8 goblins
  6 hobgoblins
  16 kobolds
  6 quokkas
  6 ball pythons
  6 bats
  6 frilled lizards
  7 rats
  4 river rat simulacra (D:9)
  A butterfly (Lair:3)
443 creatures vanquished.

Vanquished Creatures (others)
  An orc wizard (D:7)
1 creature vanquished.

Grand Total: 444 creatures vanquished

Notes
Turn   | Place    | Note
-------+----------+-------------------------------------------
     0 | D:1      | Peloso the Minotaur Fighter began the quest for the Orb.
     0 | D:1      | Reached XP level 1. HP: 19/19 MP: 0/0
   159 | D:1      | Reached XP level 2. HP: 22/27 MP: 1/1
   559 | D:1      | Reached XP level 3. HP: 27/33 MP: 2/2
   583 | D:1      | Found Tugos's Distillery.
  1031 | D:2      | Noticed Jessica
  1039 | D:2      | Killed Jessica
  1040 | D:2      | Reached skill level 3 in Long Blades
  1040 | D:2      | Reached XP level 4. HP: 26/40 MP: 3/3
  1132 | D:2      | Reached skill level 4 in Long Blades
  1277 | D:2      | Identified the beast talisman of Nowkoag {SInv}
  1467 | D:3      | Reached XP level 5. HP: 47/47 MP: 4/4
  1586 | D:2      | Reached skill level 5 in Armour
  1638 | D:2      | Reached skill level 1 in Dodging
  1813 | D:3      | Found a faded altar of an unknown god.
  2047 | D:3      | Found a transporter.
  2052 | D:3      | Noticed TangoThomas's ghost (weakling DsHu)
  2080 | D:3      | Found a transporter.
  2336 | D:4      | Found an opulent altar of Gozag.
  2471 | D:4      | Noticed a black bear
  2474 | D:4      | Found a staircase to the Ecumenical Temple.
  2488 | D:4      | Killed a black bear
  2489 | D:4      | Reached skill level 5 in Long Blades
  2489 | D:4      | Reached XP level 6. HP: 46/53 MP: 5/5
  2500 | Temple   | Entered the Ecumenical Temple
  2515 | Temple   | Became a worshipper of Warmaster Okawaru
  2537 | D:4      | Reached skill level 5 in Shields
  2555 | D:4      | Reached skill level 5 in Fighting
  2594 | D:4      | Found Wos Fito's Weapon Boutique.
  2603 | D:4      | Reached XP level 7. HP: 61/61 MP: 6/6
  2644 | D:4      | Reached skill level 1 in Shapeshifting
  2971 | D:4      | Reached skill level 6 in Long Blades
  3034 | D:4      | Noticed Sigmund
  3064 | D:4      | Killed Sigmund
  3064 | D:4      | Reached * piety under Okawaru
  3314 | D:1      | Bought a potion of mutation for 104 gold pieces
  3373 | D:5      | Entered Level 5 of the Dungeon
  3452 | D:5      | Noticed Blork the orc
  3461 | D:5      | Killed Blork the orc
  3477 | D:5      | Reached XP level 8. HP: 68/68 MP: 7/7
  3586 | D:5      | Reached skill level 7 in Long Blades
  3659 | D:5      | Found Lyucwuma's Weapon Shoppe.
  4140 | D:5      | Found a sacrificial altar of Ru.
  4243 | D:5      | Noticed Grinder
  4245 | D:5      | Paralysed by Grinder for 2 turns
  4251 | D:5      | Killed Grinder
  4251 | D:5      | Reached ** piety under Okawaru
  4317 | D:5      | Identified a scroll of acquirement
  4384 | D:6      | Reached skill level 8 in Long Blades
  4725 | D:6      | Reached XP level 9. HP: 71/77 MP: 8/8
  5011 | D:6      | Reached skill level 1 in Evocations
  5227 | D:6      | Reached *** piety under Okawaru
  5330 | D:6      | Reached skill level 9 in Long Blades
  5765 | D:8      | Noticed Prince Ribbit
  5790 | D:8      | Killed Prince Ribbit
  6032 | D:8      | Reached **** piety under Okawaru
  6367 | D:8      | Found a shimmering blue altar of Sif Muna.
  6442 | D:9      | Reached XP level 10. HP: 84/86 MP: 9/9
  6471 | D:9      | Reached skill level 1 in Stealth
  6477 | D:9      | Reached skill level 10 in Long Blades
  7091 | D:9      | Noticed a necromancer
  7103 | D:9      | Reached skill level 10 in Armour
  7106 | D:9      | Killed a necromancer
  7106 | D:9      | Reached ***** piety under Okawaru
  7493 | D:10     | Entered Level 10 of the Dungeon
  7528 | D:10     | Reached skill level 11 in Long Blades
  7974 | D:10     | Noticed a two-headed ogre
  7982 | D:10     | Killed a two-headed ogre
  7982 | D:10     | Received a gift from Okawaru
  8368 | D:11     | Reached XP level 11. HP: 93/93 MP: 10/10
  8391 | D:11     | Noticed a two-headed ogre
  8412 | D:11     | Killed a two-headed ogre
  8458 | D:11     | You fall into a shaft and drop 2 floors!
  8498 | D:13     | Noticed a red ugly thing
  8514 | D:13     | Killed a red ugly thing
  8658 | D:11     | Noticed Psyche
  8658 | D:11     | Noticed a centaur warrior
  8665 | D:12     | Reached skill level 10 in Shields
  8784 | D:12     | Killed Psyche
  8933 | D:12     | Killed a centaur warrior
  8934 | D:12     | Reached skill level 12 in Long Blades
  9050 | D:11     | Noticed a soul eater
  9207 | D:11     | Noticed a sun demon
  9209 | D:11     | Noticed a sun demon
  9242 | D:11     | Reached skill level 1 in Invocations
  9255 | D:11     | Received a gift from Okawaru
  9317 | D:11     | Found a staircase to the Lair.
  9369 | D:11     | Reached skill level 13 in Long Blades
  9472 | D:11     | Found a staircase to the Orcish Mines.
  9832 | D:5      | Bought the +4 long sword "Tormentor" {flame, SInv} for 412
                  | gold pieces
 10025 | Lair:1   | Entered Level 1 of the Lair of Beasts
 10048 | Lair:1   | Reached XP level 12. HP: 90/105 MP: 11/11
 10108 | Lair:1   | Noticed Harold
 10117 | Lair:1   | Killed Harold
 10117 | Lair:1   | Received a gift from Okawaru
 10309 | Lair:1   | Reached skill level 10 in Fighting
 10457 | Lair:1   | Reached skill level 14 in Long Blades
 10592 | Lair:1   | Received a gift from Okawaru
 10920 | Lair:2   | Found a staircase to the Swamp.
 10926 | Lair:2   | Reached skill level 5 in Shapeshifting
 11141 | Lair:2   | Found a transporter.
 11179 | Lair:2   | Found a transporter.
 11421 | Lair:2   | Found a staircase to the Snake Pit.
 11657 | Lair:3   | Noticed an eight-headed hydra
 11665 | Lair:3   | Killed a five-headed hydra
 11771 | Lair:3   | Received a gift from Okawaru
 11966 | Lair:3   | Identified the blade talisman of Kazepuhae {+Blink}
 12028 | Lair:3   | Reached ****** piety under Okawaru
 12032 | Lair:3   | Reached XP level 13. HP: 100/116 MP: 12/12
 12533 | D:12     | Found a bloodstained altar of Trog.
 12533 | D:12     | Noticed nitefall's ghost (journeyman MiBe)
 12533 | D:12     | Noticed a stone giant
 12552 | D:12     | Found a transporter.
 12559 | D:12     | Found a transporter.
 12573 | D:12     | Received a gift from Okawaru
 13216 | Orc:1    | Entered Level 1 of the Orcish Mines
 13377 | Orc:1    | Found Fyez's Antique Weapon Shop.
 13637 | Orc:2    | Entered Level 2 of the Orcish Mines
 13637 | Orc:2    | Found Buceg's Antique Armour Shop.
 13637 | Orc:2    | Found Joybulix's Weapon Boutique.
 13638 | Orc:2    | Found Gohadd's Jewellery Shop.
 14050 | Orc:2    | Bought a pair of faintly humming gloves for 304 gold pieces
 14050 | Orc:2    | Identified the +0 pair of gloves "Trusted Companion" {rF+
                  | rN+ Str+4 SInv} (You bought it in a shop on level 2 of the
                  | Orcish Mines)
 14079 | Orc:2    | Bought a pair of masterwork gloves for 304 gold pieces
 14079 | Orc:2    | Identified the +0 pair of gloves of the Old World {Rampage
                  | ^Drain Int+2} (You bought it in a shop on level 2 of the
                  | Orcish Mines)
 14099 | Orc:2    | Received a gift from Okawaru
 14099 | Orc:2    | Engulfed by a cloud of flame

Illustrated notes

Levels and vault maps discovered:
D:1:      co_arrival_square_in_a_square_in_a_square, layout_loops_ring,
          serial_shops, nicolae_square_shop, grunt_decor_clamped
D:2:      kennysheep_six_static_rooms, layout_rooms, minmay_misc_feat_alley,
          uniq_jessica
D:3:      layout_basic, nicolae_ecumenical_lake_church,
          gammafunk_ghost_mausoleum
D:4:      layout_loops_cross, grunt_gozag_statues,
          minmay_temple_entry_sparse_star, serial_shops, shop,
          minmay_statues_item, minmay_pentangle, uniq_sigmund
D:5:      layout_basic, mainiacjoe_overflow_concentric_impassable, serial_shops,
          shop, uniq_blork_the_orc, uniq_grinder
D:6:      layout_loops_corners
D:7:      layout_rooms, nrook_loot_triangle
D:8:      layout_loops_cross, led_sif_book, minmay_misc_feat_rugged,
          solitary_fountain, uniq_prince_ribbit1
D:9:      layout_big_octagon, eino_house_with_fridge
D:10:     layout_cave_pods, nicolae_twisting_strands, nicolae_hexahallways
D:11:     layout_small_grid, david_lair_shrubbed, orc_0_dummy, uniq_psyche
D:12:     layout_basic, gammafunk_ghost_wrathful_warriors
D:13:     layout_cave_pools, david_vaults_3
Temple:   hellmonk_temple_of_storms
Lair:1:   layout_loops_ring, dreamdust_mushroom_princess, uniq_harold
Lair:2:   gammafunk_cloud_chamber, layout_cave_shapes,
          skrybe_swamp_entry_bodies, guppyfry_snake_entry_island,
          serial_bayou_shore_b
Lair:3:   layout_gridlike, serial_bayou_shore_b, lemuel_fruit_fields
Orc:1:    layout_diamond_mine, serial_shops, shop
Orc:2:    st_orc_mages, layout_caves, serial_shops, nicolae_shop_scrapyard,
          nicolae_shop_hallway_stairs, shop, shop, nicolae_shop_crystal,
          nicolae_orc_stony_grotto

Skill      XL: |  1  2  3  4  5  6  7  8  9 10 11 12 13 |
---------------+----------------------------------------+-----
Armour         | 4 5 6 7 8 10 11 12 13 | 13.0
Fighting       | 4 5 6 7 9 11 | 11.5
Shields        | 4 5 6 7 9 10 12 | 12.9
Long Blades    | 3 4 5 6 8 9 11 13 14 | 14.9
Dodging        | 1 2 4 |  4.5
Shapeshifting  | 1 2 3 4 5 |  5.8
Evocations     | 1 |  1.0
Stealth        | 1 |  1.1
Invocations    | 1 |  1.2

Action                     |  1- 3 |  4- 6 |  7- 9 | 10-12 | 13-15 || total
---------------------------+-------+-------+-------+-------+-------++-------
  Melee: Long sword        |    72 |   106 |   325 |   585 |   158 ||  1246
         Headbutt          |    10 |    23 |    84 |   139 |    31 ||   287
 Invoke: Heroism           |       |       |     1 |    10 |       ||    11
  Evoke: Wand              |       |       |     8 |       |       ||     8
    Use: Potion            |     3 |       |       |     1 |       ||     4
         Scroll            |       |     2 |     2 |     7 |     5 ||    16
 Armour: Scale mail        |    48 |    77 |    76 |       |       ||   201
         Chain mail        |       |       |    94 |    17 |       ||   111
         Plate armour      |       |       |       |   314 |   101 ||   415
         Skin              |       |       |       |     3 |       ||     3
  Dodge: Dodged            |    41 |    46 |   153 |   259 |    86 ||   585
  Block: Buckler           |    20 |     5 |       |       |       ||    25
         Kite shield       |       |    57 |   207 |   403 |   148 ||   815
   Form: Beast             |       |     1 |       |       |       ||     1
